 Dungeon Crawl Stone Soup version 0.26-a0-660-gc07710193c (webtiles) character file.

Game seed: 11026258094575655755

292 tacoguy the Firebug (level 6, -4/32 HPs)
             Began as a Deep Elf Fire Elementalist on Oct 5, 2020.
             Slain by an iguana (9 damage)
             ... on level 4 of the Dungeon.
             The game lasted 00:14:29 (4572 turns).

tacoguy the Firebug (Deep Elf Fire Elementalist)    Turns: 4572, Time: 00:14:29

Health: -4/32      AC:  8    Str:  5      XL:     6   Next: 10%
Magic:  15/15      EV: 13    Int: 22      God:
Gold:   167        SH:  0    Dex: 14 (15) Spells: 2/14 levels left

rFire    . . .     SeeInvis .   h - +0 rapier
rCold    . . .     Faith    .   (no shield)
rNeg     . . .     Spirit   .   a - +0 robe
rPois    +         Reflect  .   e - +2 helmet
rElec    .         Harm     .   (no cloak)
rCorr    .         Rampage  .   (no gloves)
MR       +....                  i - +2 pair of boots
Stlth    ++........             (no amulet)
HPRegen  0.10/turn              c - ring of protection from magic
MPRegen  0.14/turn              j - ring of poison resistance

@: no status effects
A: no striking features
a: no special abilities


You were on level 4 of the Dungeon.
You visited 1 branch of the dungeon, and saw 4 of its levels.

You collected 167 gold pieces.

Inventory:

Hand Weapons
 h - a +0 rapier (weapon)
Armour
 a - a +0 robe (worn)
 e - a +2 helmet (worn)
 i - a +2 pair of boots (worn)
Jewellery
 c - a ring of protection from magic (left hand)
 j - a ring of poison resistance (right hand)
 o - an uncursed ring of protection from fire {unknown}
Wands
 g - a wand of random effects (16)
 p - a wand of polymorph (8)
Scrolls
 b - 5 scrolls of teleportation
 f - 3 scrolls of identify
 k - a scroll of fog {unknown}
 m - a scroll of enchant armour {unknown}
 n - 2 scrolls of remove curse
 q - a scroll of blinking {unknown}
Potions
 d - a potion of resistance
 l - a potion of ambrosia


   Skills:
 - Level 2.8 Dodging
 - Level 2.4 Stealth
 + Level 4.9 Spellcasting
 + Level 3.2 Conjurations
 * Level 5.7 Fire Magic


You had 2 spell levels left.
You knew the following spells:

 Your Spells              Type           Power        Failure   Level
a - Foxfire               Conj/Fire      ####         1%          1
b - Conjure Flame         Conj/Fire      ####....     4%          3
c - Inner Flame           Hex/Fire       ###.....     10%         3
d - Fireball              Conj/Fire      ####......   41%         5

Your spell library contained the following spells:

 Spells                   Type           Power        Failure   Level
 Sticky Flame             Conj/Fire      ####....     16%         4


Dungeon Overview and Level Annotations

Branches:
Dungeon (4/15)
 Temple: D:4-7

Altars:
Trog


Message History

You closely miss the iguana.
The iguana is almost dead.
The iguana closely misses you.
You hit the iguana but do no damage.
The iguana is almost dead.
The iguana bites you.
You hit the iguana but do no damage.
The iguana is almost dead.
The iguana closely misses you.
You hit the iguana but do no damage.
The iguana is almost dead.
The iguana bites you.
* * * LOW HITPOINT WARNING * * *
You closely miss the iguana.
The iguana is severely wounded.
The iguana closely misses you. The iguana barely misses you.
You closely miss the iguana.
The iguana is severely wounded.
The iguana bites you!
You die...

### #.# #.#
#.#####.#
........#
......l.#
..ยง####@#######
..............#
...####.#######
#.##### #...
#.....# #...
#.###.# .... #.#
#.# #.#..
###.###.#
#.#...#.......#


You could see an iguana.

Vanquished Creatures
  An ogre (D:4)
  2 orc wizards
  7 adders
  2 oozes (D:1)
  A worm (D:3)
  4 dart slugs
  4 leopard geckos
  8 orcs
  A giant cockroach (D:2)
  9 goblins
  6 hobgoblins
  5 kobolds
  13 bats
  3 frilled lizards
  A jackal skeleton (D:4)
  12 rats
79 creatures vanquished.

Vanquished Creatures (others)
  183 foxfires
183 creatures vanquished.

Grand Total: 262 creatures vanquished

Notes
Turn   | Place    | Note
-------+----------+-------------------------------------------
     0 | D:1      | tacoguy the Deep Elf Fire Elementalist began the quest for
                  | the Orb.
     0 | D:1      | Reached XP level 1. HP: 10/10 MP: 6/6
   149 | D:1      | Reached XP level 2. HP: 15/15 MP: 2/8
   697 | D:1      | Reached XP level 3. HP: 19/19 MP: 6/9
   765 | D:1      | Learned a level 3 spell: Conjure Flame
   769 | D:1      | Learned a level 3 spell: Inner Flame
  1177 | D:1      | Reached skill level 4 in Fire Magic
  1717 | D:2      | Reached XP level 4. HP: 8/24 MP: 3/11
  2937 | D:3      | Reached XP level 5. HP: 16/28 MP: 0/13
  3186 | D:3      | Reached skill level 5 in Fire Magic
  3552 | D:3      | Found a bloodstained altar of Trog.
  4190 | D:4      | Noticed an ogre
  4194 | D:4      | Killed an ogre
  4219 | D:4      | Learned a level 5 spell: Fireball
  4366 | D:4      | Reached XP level 6. HP: 24/32 MP: 6/15
  4572 | D:4      | Slain by an iguana

Illustrated notes

Levels and vault maps discovered:
D:1:      minmay_arrival_checkered_box, layout_basic
D:2:      layout_loops_ring
D:3:      layout_loops_corners, lightli_temple_of_fire
D:4:      layout_basic, xom_teletrap_fun, st_stairs_10

Skill      XL: |  1  2  3  4  5 |
---------------+----------------+-----
Fire Magic     | 4 5 |  5.7
Conjurations   | 2 3 |  3.2
Spellcasting   | 4 |  4.9
Dodging        | |  2.8
Stealth        | |  2.4

Action                   |  1- 3 |  4- 6 || total
-------------------------+-------+-------++-------
Melee: Unarmed           |    10 |       ||    10
       Dagger            |       |    27 ||    27
       Rapier            |       |    25 ||    25
 Cast: Foxfire           |    61 |    79 ||   140
       Conjure Flame     |     5 |     2 ||     7
  Use: Scroll            |     3 |     5 ||     8
       Potion            |       |     7 ||     7
Armor: Robe              |    12 |    31 ||    43
Dodge: Dodged            |    28 |    72 ||   100

Table legend: (Time is in decaauts)
 A = Elapsed time spent in this place.
 B = Non-inter-level travel time spent in this place.
 C = Inter-level travel time spent in this place.
 D = Time resting spent in this place.
 E = Time spent auto-exploring this place.
 F = Levels seen in this place.
 G = Mean time per level.
                   A        B        C        D        E       F      G
               +--------+--------+--------+--------+--------+-----+--------+
         Total |   4573 |   4381 |    192 |   1535 |   2194 |   4 | 1143.2 |
       Dungeon |   4573 |   4381 |    192 |   1535 |   2194 |   4 | 1143.2 |
               +--------+--------+--------+--------+--------+-----+--------+

Top non-repeatable levels by time:
     D:1: 1495 daAuts
     D:2: 1395 daAuts
     D:3: 1297 daAuts
     D:4: 384 daAuts
